 Dungeon Crawl Stone Soup version 0.32-a0-42-ga30500b4d3 (webtiles) character file.

Game seed: 7559140261143714998

565 jlumianski the Ruffian (level 7, 0/78 HPs)
             Began as a Gnoll Shapeshifter on Feb 2, 2024.
             Slain by a gnoll bouda
             ... wielding a +0 whip
              (8 damage)
             ... on level 4 of the Dungeon.
             The game lasted 00:18:40 (4030 turns).

jlumianski the Ruffian (Gnoll Shapeshifter)         Turns: 4030, Time: 00:18:40

Health: 0/78       AC: 23    Str: 15 (16) XL:     7   Next: 32%
Magic:  10/10      EV:  2    Int:  6 (9)  God:
Gold:   307        SH:  0    Dex: 16 (17) Spells: 11/11 levels left

rFire   . .          .
                       - Unarmed
rCold   . . .        (no shield)
rNeg    + . .        b - melded +1 ring mail {rPois}
rPois   +            (helmet currently unavailable)
rElec   .            (cloak currently unavailable)
rCorr   .            (gloves currently unavailable)
SInv    .            (boots currently unavailable)
Will    .....        (no amulet)
Stlth   ++           q - +6 ring of dexterity
HPRegen 0.33/turn    s - ring of positive energy
MPRegen 0.12/turn

%: no passive effects
@: tree-form
A: stationary, stasis, torment immunity, boosted hp, (fangs 1), strong nose,
distributed training
a: no special abilities


You were on level 4 of the Dungeon.
You were a tree.
You visited 1 branch of the dungeon, and saw 5 of its levels.

You collected 307 gold pieces.

Inventory:

Missiles
 f - 2 atropa-tipped darts (quivered)
 p - 3 boomerangs
Armour
 a - a +0 animal skin
 b - a +1 ring mail of poison resistance (melded)
 g - a +0 leather armour
 r - a +0 chain mail
Magical Staves
 e - a staff of conjuration
Jewellery
 q - a +6 ring of dexterity (left branch)
 s - a ring of positive energy (right branch)
Talismans
 c - a beast talisman
 d - a flux talisman
Scrolls
 h - a scroll of fear {unknown}
 i - a scroll of blinking {unknown}
 k - a scroll of noise {unknown}
 l - a scroll of teleportation {unknown}
 m - 2 scrolls of poison {unknown}
 n - 2 scrolls of vulnerability {unknown}
 o - a scroll of enchant armour {unknown}
 t - a scroll of immolation {unknown}


   Skills:
 + Level 3.6 Fighting
 + Level 2.5 Short Blades
 + Level 2.5 Long Blades
 + Level 2.5 Axes
 + Level 2.5 Maces & Flails
 + Level 2.5 Polearms
 + Level 2.5 Staves
 + Level 2.5 Ranged Weapons
 + Level 2.5 Throwing
 + Level 2.5 Armour
 + Level 5.2 Dodging
 + Level 2.5 Stealth
 + Level 2.5 Shields
 + Level 7.0 Unarmed Combat
 + Level 2.5 Spellcasting
 + Level 2.0 Conjurations
 + Level 2.0 Hexes
 + Level 2.0 Summonings
 + Level 2.0 Necromancy
 + Level 2.0 Translocations
 + Level 2.0 Fire Magic
 + Level 2.0 Ice Magic
 + Level 2.0 Air Magic
 + Level 2.0 Earth Magic
 + Level 2.0 Alchemy
 + Level 2.8 Invocations
 + Level 2.5 Evocations
 + Level 6.9 Shapeshifting


You had 11 spell levels left.
You didn't know any spells.
Your spell library contained the following spells:

 Spells                   Type           Power      Damage    Failure   Level
 Blink                    Tloc           6%         N/A       26%         2
 Lesser Beckoning         Tloc           6%         N/A       26%         2
 Momentum Strike          Conj/Tloc      6%         3d8       26%         2
 Ozocubu's Armour         Ice            3%         N/A       45%         3
 Metabolic Englaciation   Hex/Ice        1%         N/A       99%         5
 Sculpt Simulacrum        Ice/Alch       1%         N/A       100%        6


Dungeon Overview and Level Annotations

Branches:
Dungeon (5/15)
 Temple: D:4-7

Altars:

Annotations:
D:3 2 transporters, demibob's ghost, novice DsCK


Innate Abilities, Weirdness & Mutations

You are a tree.
Your roots penetrate the ground, keeping you stationary.
You cannot be teleported.
You are immune to unholy pain and torment.
Your maximum health is greatly increased.
Your equipment is partially melded.
((You have very sharp teeth.))
Your uncanny sense of smell can sniff out nearby items.
Your experience applies equally to all skills.


Message History

The sleepcap barely misses you.
The gnoll shouts!
Your attacks no longer feel as feeble.
The gnoll bouda completely misses you.
The gnoll hits you from afar with a +0 spear.
There is a stone staircase leading up, spattered with blood here.
The gnoll hits you with a +0 flail. The gnoll closely misses you.
The gnoll bouda hits you with a +0 whip!
* * * LOW HITPOINT WARNING * * *
You climb upwards.
There is a stone staircase leading down here.
Your transformation has ended.
You turn into a tree.
Your +1 ring mail of poison resistance melds into your body.
You no longer feel resistant to poison.
Your roots penetrate the ground.
The gnoll barely misses you. The gnoll bouda barely misses you.
You smack the gnoll!
The gnoll is almost dead.
The gnoll hits you but does no damage.
The gnoll bouda calls upon its god to heal the gnoll.
The gnoll is healed somewhat.
You hit the gnoll. Your punch misses the gnoll.
The gnoll is severely wounded.
The gnoll hits you but does no damage.
You barely miss the gnoll.
The gnoll is severely wounded.
The gnoll bouda barely misses you. The gnoll hits you with a +0 flail.
* * * LOW HITPOINT WARNING * * *
You hit the gnoll but do no damage.
The gnoll is severely wounded.
The gnoll bouda hits you but does no damage.
The gnoll hits you but does no damage.
You smack the gnoll!
You kill the gnoll!
The gnoll bouda hits you with a +0 whip!
* * * LOW HITPOINT WARNING * * *
You feel your dexterity returning.
You hit the gnoll bouda but do no damage.
The gnoll bouda hits you with a +0 whip!
You die...

.♣♣ ♣♣♣.♣
#.#.# #......#
♣.♣ ♣.♣ #.#.#
#......'
♣.♣♣♣♣♣ ♣.♣♣
#.#.# #......#
♣♣.♣♣.♣ ♣♣)♣
#.#.# ####.###
♣♣.†.♣♣♣ ♣.♣
#.#.# #.#
♣♣♣...♣♣ ♣.♣♣
#.#.######.#
♣♣....♣ ♣♣.♣♣
#.#........#
♣.....♣ ♣g)♣
#.############
♣♣....♣ ♣♣♣♣
#.............
♣.♣).♣♣ ♣♣♣
##############
♣♣♣♣♣♣


You could see a gnoll bouda.

Vanquished Creatures
  2 bombardier beetles (D:3)
  3 orc priests
  2 hounds (D:4)
  5 orc wizards (D:3)
  3 gnolls (D:4)
  5 adders
  7 dart slugs
  2 ribbon worms
  19 orcs
  12 endoplasms
  10 giant cockroaches
  9 goblins
  4 hobgoblins
  4 jackals (D:3)
  7 kobolds
  5 quokkas
  2 bats
  3 frilled lizards
  3 rats
107 creatures vanquished.

Vanquished Creatures (others)
  An orc wizard (D:3)
  A shadow imp (D:5)
2 creatures vanquished.

Grand Total: 109 creatures vanquished

Notes
Turn   | Place    | Note
-------+----------+-------------------------------------------
     0 | D:1      | jlumianski the Gnoll Shapeshifter began the quest for the
                  | Orb.
     0 | D:1      | Reached XP level 1. HP: 17/17 MP: 1/1
   177 | D:1      | Reached XP level 2. HP: 22/23 MP: 2/2
   507 | D:1      | Reached XP level 3. HP: 26/28 MP: 3/3
   618 | D:2      | Reached skill level 1 in Invocations
   746 | D:1      | Reached skill level 1 in Short Blades
   746 | D:1      | Reached skill level 1 in Long Blades
   746 | D:1      | Reached skill level 1 in Axes
   746 | D:1      | Reached skill level 1 in Maces & Flails
   746 | D:1      | Reached skill level 1 in Polearms
   746 | D:1      | Reached skill level 1 in Staves
   746 | D:1      | Reached skill level 1 in Ranged Weapons
   746 | D:1      | Reached skill level 1 in Throwing
   746 | D:1      | Reached skill level 1 in Armour
   746 | D:1      | Reached skill level 1 in Stealth
   746 | D:1      | Reached skill level 1 in Shields
   746 | D:1      | Reached skill level 1 in Spellcasting
   746 | D:1      | Reached skill level 1 in Evocations
  1212 | D:2      | Reached XP level 4. HP: 34/34 MP: 5/5
  1323 | D:2      | Reached skill level 1 in Conjurations
  1323 | D:2      | Reached skill level 1 in Hexes
  1323 | D:2      | Reached skill level 1 in Summonings
  1323 | D:2      | Reached skill level 1 in Necromancy
  1323 | D:2      | Reached skill level 1 in Translocations
  1323 | D:2      | Reached skill level 1 in Fire Magic
  1323 | D:2      | Reached skill level 1 in Ice Magic
  1323 | D:2      | Reached skill level 1 in Air Magic
  1323 | D:2      | Reached skill level 1 in Earth Magic
  1323 | D:2      | Reached skill level 1 in Alchemy
  1669 | D:3      | Reached XP level 5. HP: 31/40 MP: 5/7
  2082 | D:3      | Found a transporter.
  2082 | D:3      | Noticed demibob's ghost (novice DsCK)
  2089 | D:3      | Found a transporter.
  2166 | D:3      | Reached XP level 6. HP: 47/47 MP: 8/8
  2188 | D:3      | Reached skill level 5 in Dodging
  2217 | D:3      | HP: 1/47 [something (3)]
  2543 | D:3      | Found a faded altar of an unknown god.
  2673 | D:3      | Reached XP level 7. HP: 45/52 MP: 10/10
  2684 | D:3      | HP: 2/52 [burnt (1)]
  3158 | D:4      | Reached skill level 7 in Unarmed Combat
  3168 | D:5      | Entered Level 5 of the Dungeon
  4030 | D:4      | Slain by a gnoll bouda

Illustrated notes

Levels and vault maps discovered:
D:1:      minmay_arrival_widening_spiral_wide, layout_basic
D:2:      layout_loops_ring
D:3:      layout_loops_ring, gammafunk_ghost_mausoleum,
          ebering_ecumenical_altar_hall, kennysheep_orc_chapel
D:4:      kb_forest_paths, layout_basic
D:5:      layout_layer_cave, gammafunk_ghost_nasty_kobolds,
          lemuel_flamethrower_2

Skill      XL: |  1  2  3  4  5  6  7 |
---------------+----------------------+-----
Invocations    | 1 2 |  2.8
Short Blades   | 1 2 |  2.5
Long Blades    | 1 2 |  2.5
Axes           | 1 2 |  2.5
Maces & Flails | 1 2 |  2.5
Polearms       | 1 2 |  2.5
Staves         | 1 2 |  2.5
Ranged Weapons | 1 2 |  2.5
Throwing       | 1 2 |  2.5
Armour         | 1 2 |  2.5
Stealth        | 1 2 |  2.5
Shields        | 1 2 |  2.5
Spellcasting   | 1 2 |  2.5
Evocations     | 1 2 |  2.5
Conjurations   | 1 2 |  2.0
Hexes          | 1 2 |  2.0
Summonings     | 1 2 |  2.0
Necromancy     | 1 2 |  2.0
Translocations | 1 2 |  2.0
Fire Magic     | 1 2 |  2.0
Ice Magic      | 1 2 |  2.0
Air Magic      | 1 2 |  2.0
Earth Magic    | 1 2 |  2.0
Alchemy        | 1 2 |  2.0
Fighting       | 3 |  3.6
Dodging        | 5 |  5.2
Unarmed Combat | 7 |  7.0
Shapeshifting  | |  6.9

Action                     |  1- 3 |  4- 6 |  7- 9 || total
---------------------------+-------+-------+-------++-------
  Melee: Unarmed           |    68 |   117 |    67 ||   252
         Bite              |     2 |     7 |    10 ||    19
         Punch             |     3 |     8 |     1 ||    12
    Use: Potion            |       |     3 |     1 ||     4
   Stab: Sleeping          |       |       |     2 ||     2
 Armour: Animal skin       |    14 |       |       ||    14
         Leather armour    |    17 |    20 |       ||    37
         Chain mail        |       |    49 |       ||    49
         Skin              |       |    21 |     7 ||    28
         Ring mail         |       |     9 |    36 ||    45
  Dodge: Dodged            |    44 |    59 |    48 ||   151

Table legend: (Time is in decaauts)
 A = Elapsed time spent in this place.
 B = Non-inter-level travel time spent in this place.
 C = Inter-level travel time spent in this place.
 D = Time resting spent in this place.
 E = Time spent auto-exploring this place.
 F = Levels seen in this place.
 G = Mean time per level.
                   A        B        C        D        E       F      G
               +--------+--------+--------+--------+--------+-----+--------+
         Total |   4013 |   3916 |     97 |    568 |   1674 |   5 |  802.6 |
       Dungeon |   4013 |   3916 |     97 |    568 |   1674 |   5 |  802.6 |
               +--------+--------+--------+--------+--------+-----+--------+

Top non-repeatable levels by time:
     D:3: 1472 daAuts
     D:2: 899 daAuts
     D:4: 816 daAuts
     D:1: 798 daAuts
     D:5: 26 daAuts
